 Dungeon Crawl Stone Soup version 0.15-a0-2374-gaadabb3 (webtiles) character file.

126 Charly the Insei (level 5, -1/27 HPs)
             Began as a Vine Stalker Monk on Aug 1, 2014.
             Killed from afar by Duvessa (5 damage)
             ... with a wand of flame
             ... on Level 4 of the Dungeon.
             The game lasted 00:05:29 (560 turns).

Charly the Insei (Vine Stalker Monk)                 Turns: 560, Time: 00:05:29

HP  -1/27        AC  2     Str 14      XL: 5   Next:  9%
MP   0/7         EV 13     Int 10      God:
Gold 65          SH  0     Dex 17      Spells:  0 memorised,  4 levels left

rFire  . . .     SeeInvis .       - Unarmed
rCold  . . .     Clarity  .     a - +0 robe
rNeg   . . .     rCorr    .     (no shield)
rPois  .         rRot     +     (no helmet)
rElec  .         Spirit   +     (no cloak)
SustAb .         Warding  .     (no gloves)
rMut   .         Stasis   .     (no boots)
Gourm  .                        (no amulet)
MR     .....                    (no ring)
                                (no ring)

@: not resistant to hostile enchantments, unstealthy
A: fangs 2, regeneration 1, magic shield, antimagic bite, no device heal 3, rot
immunity
a: no special abilities


You were on level 4 of the Dungeon.
You were not hungry.

You visited 1 branch of the dungeon, and saw 4 of its levels.

You collected 65 gold pieces.

Inventory:

Armour
 a - a +0 robe (worn)
Comestibles
 b - 2 bread rations


   Skills:
 - Level 2.6 Fighting
 - Level 2.4 Dodging
 - Level 2.4 Stealth
 + Level 6.2 Unarmed Combat


You had 4 spell levels left.
You didn't know any spells.

Dungeon Overview and Level Annotations

Branches:
Dungeon (4/15)
 Temple: D:4-7

Altars:
Sif Muna

Annotations:
D:4 Dowan, Duvessa


Innate Abilities, Weirdness & Mutations

You have extremely sharp teeth.
Your natural rate of healing is unusually fast.
When hurt, damage is shared between your health and your magic reserves.
Your bite disrupts and absorbs the magic of your enemies.
Potions and wands cannot restore your health.
You are immune to rotting.


Message History

You bite the orc, but do no damage.
The orc is almost dead.
The orc closely misses you.
You hit the orc but do no damage. You bite the orc. You drain its power.
You kill the orc!
You now have 65 gold pieces (gained 11).
Items here: % )) [[ a club; a leather armour; a dagger; a robe; an orc corpse
Items here: %% ) [ a club; a leather armour; an orc corpse; the felid corpse of Natasha Duvessa zaps a wand.
The puff of flame hits you!
* * * LOW HITPOINT WARNING * * *
Duvessa zaps a wand.
The puff of flame hits you!
* * * LOW HITPOINT WARNING * * *
Duvessa zaps a wand.
The puff of flame hits you!
* * * LOW HITPOINT WARNING * * *
Adjust (i)tems, (s)pells, or (a)bilities?
Huh?
Duvessa zaps a wand.
The puff of flame hits you!
You die...

. ##...............o##### #.#.
#.................## ...Y.
.....##.....##...%# ......
#....##.....##....#### .......
#.... #............... .......
##.## ##########...##
.......###...###############..#
#.....................e.........
#....!.........@.###############
#................#
................#
................############...
......................)).......
#########..<###############...
#####


You could see Duvessa.

Vanquished Creatures
  An orc wizard (D:4)
  Natasha (D:4)
  A gnoll skeleton (D:4)
  A giant mite (D:3)
  4 worms
  6 orcs
  2 hobgoblins
  6 jackals (D:3)
  3 kobolds
  A quokka (D:4)
  2 bats
  A goblin (D:1)
  2 rats
31 creatures vanquished.

Vanquished Creatures (others)
  The ghost of Charly the Insei, a weakling MfTm (D:4)
1 creature vanquished.

Grand Total: 32 creatures vanquished

Notes
Turn   | Place    | Note
--------------------------------------------------------------
     0 | D:1      | Charly, the Vine Stalker Monk, began the quest for the Orb.
     0 | D:1      | Reached XP level 1. HP: 11/11 MP: 1/1
   107 | D:2      | Reached XP level 2. HP: 2/16 MP: 3/3
   275 | D:3      | Found a deep blue altar of Sif Muna.
   287 | D:3      | Reached XP level 3. HP: 17/19 MP: 4/4
   300 | D:3      | Reached skill level 5 in Unarmed Combat
   411 | D:4      | Noticed a sky beast
   449 | D:4      | Noticed Dowan
   450 | D:4      | Noticed Duvessa
   465 | D:4      | Reached XP level 4. HP: 14/23 MP: 5/5
   467 | D:4      | Killed Charly's ghost
   491 | D:4      | Noticed Natasha
   508 | D:4      | Killed Natasha
   523 | D:4      | Reached skill level 6 in Unarmed Combat
   523 | D:4      | Reached XP level 5. HP: 4/27 MP: 7/7
   560 | D:4      | Killed from afar by Duvessa

Action                   |  1- 3 |  4- 6 || total
-------------------------+-------+-------++-------
Melee: Unarmed           |    88 |    28 ||   116
  Use: Scroll            |     2 |       ||     2
 Stab: Sleeping          |     3 |       ||     3
